Map: Recuperación EE

Players

Hammer - Winner!

  • Race: Terran Terran
  • League: Silver
  • Spawn Location: 5:00

VilugArZa - Winner!

  • Race: Zerg Zerg
  • League: Platinum
  • Spawn Location: 6:00

mikewar

  • Race: Terran Terran
  • Spawn Location: 12:00

INVENCIBLE

  • Race: Zerg Zerg
  • League: Platinum
  • Spawn Location: 11:00

VOD

Have the link to the VOD?

Description

Time

  • Played on: May 24, 2026, 7:19 p.m.
  • Length: 19:15
Show
View Real Time Build Order
Export as new Build Order

Hammer Terran - Winner!

Build Orders: Mech 

Get SALT Encoding   

  12  0:05  SCV  
  13  0:16  Supply Depot  
  13  0:20  SCV  
  14  0:32  Refinery  
  14  0:33  SCV  
  15  0:44  Barracks  
  15  0:48  SCV  
  16  1:00  SCV  
  17  1:05  Refinery  
  17  1:13  SCV  
  18  1:25  SCV  
  18  1:32  Supply Depot  
  19  1:38  Orbital Command  
  19  1:43  Factory  
  19  2:02  Marine  
  19  2:04  SCV  
  21  2:09  Supply Depot  
  21  2:19  Marine  
  22  2:27  SCV  
  23  2:30  Starport, Factory Tech Lab  
  23  2:37  Marine  
  23  2:39  SCV  
  26  2:51  SCV  
  26  3:07  Fusion Core  
  26  3:08  Starport Tech Lab  
  26  3:11  Supply Depot  
  26  3:19  Command Center  
  26  3:22  SCV  
  27  3:39  Marine  
  28  3:58  Battlecruiser  
  34  4:08  Engineering Bay  
  34  4:15  Siege Tank  
  37  4:17  Marine  
  38  4:35  Marine  
  39  4:40  SCV  
  40  4:52  Missile Turret x2  
  40  4:54  Missile Turret  
  40  5:34  Battlecruiser  
  46  6:34  SCV  
  47  6:46  Battlecruiser  
  47  6:47  SCV  
  54  6:50  Missile Turret  
  54  6:51  Missile Turret  
  54  6:52  Missile Turret  
  54  6:53  Missile Turret  
  54  6:59  SCV  
  49  7:11  SCV  
  49  7:13  Armory  
  50  7:23  Refinery, SCV  
  50  7:25  Refinery  
  50  7:29  Command Center  
  51  7:33  Factory  
  51  7:34  Factory x2  
  51  7:39  Orbital Command  
  50  8:22  Factory Tech Lab x3  
  50  8:30  Armory x2  
  50  8:36  Terran Vehicle Weapons Level 1  
  50  8:39  Thor  
  56  8:42  SCV  
  57  8:52  Refinery  
  57  8:53  Refinery  
  57  8:54  SCV  
  58  9:00  Orbital Command  
  58  9:06  SCV  
  59  9:18  SCV  
  59  9:20  Missile Turret  
  60  9:25  SCV, Missile Turret  
  60  9:26  Missile Turret  
  60  9:27  Missile Turret  
  60  9:28  Missile Turret  
  60  9:30  Missile Turret, SCV  
  62  9:40  Thor  
  62  9:42  SCV  
  69  9:55  SCV  
  70  10:05  SCV  
  70  10:06  SCV  
  73  10:07  SCV  
  72  10:38  Missile Turret  
  72  10:40  Missile Turret  
  72  10:41  Missile Turret  
  72  10:47  Neosteel Armor  
  72  10:56  Thor x2  
  84  10:58  Supply Depot  
  84  11:01  Supply Depot  
  84  11:03  Supply Depot  
  84  11:16  SCV  
  85  11:19  Thor  
  85  11:22  Thor  
  85  11:25  Supply Depot  
  97  11:26  Supply Depot  
  97  11:28  SCV  
  98  11:35  Terran Vehicle Weapons Level 2  
  98  11:37  Terran Vehicle And Ship Armor Level 1  
  98  11:40  SCV  
  99  11:52  SCV, Command Center  
  99  11:53  Thor  
  106  12:02  Thor  
  106  12:04  SCV  
  106  12:05  Thor  
  119  12:13  Thor  
  125  12:32  Supply Depot  
  125  12:36  Supply Depot, Thor  
  131  12:38  Supply Depot  
  131  12:53  Thor  
  131  12:57  Thor  
  143  13:01  Thor  
  149  13:09  Supply Depot  
  149  13:29  Thor  
  155  13:37  SCV  
  156  13:49  SCV  
  157  13:56  Missile Turret  
  157  13:57  Missile Turret  
  157  13:58  Missile Turret  
  157  14:00  Missile Turret  
  157  14:01  SCV  
  155  14:13  SCV  
  146  14:18  Missile Turret  
  146  14:25  SCV  
  146  14:27  Thor x2  
  146  14:30  SCV  
  160  14:42  SCV  
  161  14:47  Planetary Fortress  
  161  14:48  Refinery  
  161  14:50  Hi-Sec Auto Tracking  
  161  14:54  SCV  
  161  14:55  SCV  
  163  15:02  Refinery  
  163  15:06  SCV  
  163  15:07  SCV  
  163  15:10  Thor  
  170  15:18  SCV  
  170  15:19  SCV  
  168  15:31  SCV  
  168  15:34  SCV  
  170  15:43  SCV  
  170  15:46  SCV  
  170  15:49  Missile Turret  
  172  15:50  Missile Turret  
  172  15:53  Missile Turret  
  172  15:56  Missile Turret  
  172  16:13  Supply Depot  
  172  16:14  Supply Depot x3  
  172  16:16  Supply Depot x2  
  172  16:34  Thor  
  172  16:35  SCV, Thor x2  
  191  16:45  Thor  
  197  16:47  SCV  
  198  16:59  SCV  
Show
View Real Time Build Order
Export as new Build Order

VilugArZa Zerg - Winner!

Build Orders: Pool First 

Get SALT Encoding   

  12  0:00  Drone  
  13  0:09  Drone  
  13  0:14  Extractor  
  13  0:21  Drone  
  13  0:25  Overlord  
  15  0:43  Drone  
  15  0:44  Drone  
  15  0:48  Spawning Pool  
  16  0:51  Extractor  
  16  0:52  Drone  
  16  1:01  Drone  
  17  1:05  Drone  
  18  1:17  Drone  
  19  1:35  Hatchery  
  19  1:36  Drone  
  19  1:42  Queen  
  21  1:53  Roach Warren  
  21  1:55  Overlord  
  21  1:57  Drone  
  22  2:07  Overlord  
  22  2:18  Queen  
  24  2:24  Zergling x2  
  24  2:25  Zergling x2  
  26  2:32  Zergling x2  
  27  2:47  Roach  
  29  2:54  Roach x3  
  35  3:01  Roach  
  35  3:05  Lair  
  37  3:13  Overlord  
  37  3:25  Hatchery  
  37  3:26  Overlord  
  36  3:29  Roach  
  36  3:33  Roach  
  40  3:37  Roach  
  40  3:56  Roach x2  
  40  3:57  Roach  
  46  4:07  Extractor  
  45  4:17  Overlord  
  45  4:22  Drone x2  
  47  4:31  Overlord  
  47  4:34  Roach x2  
  47  4:35  Roach  
  53  4:46  Roach  
  55  5:01  Glial Reconstitution  
  55  5:07  Drone x2  
  57  5:23  Roach  
  59  5:39  Roach x2  
  63  5:48  Overlord  
  63  5:59  Roach  
  65  6:32  Roach x4  
  54  6:47  Hydralisk Den  
  54  6:48  Drone  
  54  6:49  Drone  
  53  7:02  Spore Crawler, Drone  
  39  7:09  Hatchery  
  36  7:24  Hydralisk x4  
  36  7:25  Hydralisk  
  36  7:28  Muscular Augments  
  46  7:37  Drone  
  47  7:48  Overlord  
  46  8:11  Hydralisk  
  46  8:12  Hydralisk  
  50  8:20  Drone  
  51  8:35  Hydralisk  
  53  8:45  Hatchery  
  53  8:47  Hatchery  
  51  8:50  Hydralisk  
  53  9:05  Overlord x2  
  52  9:58  Hatchery  
  51  10:01  Hydralisk x4  
  51  10:02  Hydralisk x2  
  63  10:23  Hydralisk  
  63  10:24  Hydralisk x2  
  69  10:38  Overlord  
  69  10:39  Overlord  
  69  10:55  Drone  
  70  10:59  Drone x2  
  72  11:10  Hydralisk x2  
  72  11:11  Hydralisk x2  
  80  11:21  Drone  
  80  11:25  Drone  
  82  11:32  Drone x4  
  86  11:33  Drone  
  87  11:43  Overlord  
  87  11:55  Hydralisk x2  
  91  12:05  Overlord  
  91  12:06  Overlord  
  91  12:12  Drone  
  92  12:20  Overlord  
  92  12:26  Drone x3  
  95  12:50  Overlord x2  
  95  12:52  Drone  
  95  12:53  Drone  
  97  13:31  Spore Crawler  
  97  13:33  Spore Crawler  
  95  13:35  Spore Crawler  
  95  13:36  Drone  
  95  13:37  Drone x5  
  100  13:48  Spore Crawler x2  
  99  13:49  Spore Crawler x2  
  99  13:51  Spore Crawler x3  
  93  14:02  Hydralisk x4  
  80  14:32  Hydralisk x6  
  60  14:47  Drone x2  
  58  14:57  Extractor  
  58  14:59  Drone x2, Extractor  
  56  15:05  Hatchery  
  49  15:18  Drone x4  
  53  15:35  Hydralisk x2  
  53  15:37  Queen x2  
  61  16:29  Hydralisk x8  
  77  16:45  Drone  
  77  16:46  Drone x4  
  82  17:15  Hydralisk x5  
  84  17:16  Hydralisk x3  
  98  17:28  Hydralisk x7  
  112  17:46  Overlord x2  
  112  17:47  Overlord  
  112  17:48  Overlord  
  112  17:52  Drone x2  
  114  18:05  Hydralisk x3  
  114  18:06  Hydralisk x6  
  132  18:19  Hydralisk  
  132  18:20  Hydralisk x2  
Show
View Real Time Build Order
Export as new Build Order

mikewar Terran 

Build Orders:  

Get SALT Encoding   

  12  0:06  SCV  
  13  0:20  Supply Depot  
  13  0:21  SCV  
  14  0:33  SCV  
  15  0:44  Barracks  
  15  0:45  SCV  
  16  0:57  SCV  
  17  1:09  SCV  
  18  1:11  Barracks  
  18  1:22  SCV  
  19  1:34  SCV  
  20  1:42  Supply Depot  
  20  1:45  Marine  
  20  1:46  SCV  
  22  1:58  SCV  
  22  1:59  Barracks  
  23  2:04  Marine x2  
  25  2:10  SCV  
  25  2:14  Refinery  
  26  2:21  Marine x2  
  26  2:22  SCV  
  29  2:34  SCV  
  30  2:39  Marine  
  30  2:43  Command Center  
  31  3:03  Supply Depot  
  31  3:08  Supply Depot  
  31  3:18  Supply Depot  
  31  3:24  Marine x2  
  31  3:25  SCV, Marine  
  35  3:35  Refinery  
  35  3:37  SCV  
  36  3:42  Marine x2  
  36  3:43  Marine  
  39  3:49  SCV  
  40  3:57  SCV, Factory  
  40  4:01  SCV  
  42  4:09  Marine x2, SCV  
  45  4:10  Marine  
  45  4:13  SCV  
  47  4:21  Refinery, SCV  
  48  4:25  SCV  
  49  4:33  SCV  
  49  4:34  Refinery  
  49  4:37  SCV  
  51  4:45  Starport, SCV  
  52  4:47  Factory Tech Lab  
  52  4:49  SCV  
  53  4:57  SCV  
  54  5:01  Barracks Tech Lab  
  54  5:02  SCV  
  55  5:08  Siege Tank  
  55  5:09  SCV  
  55  5:14  SCV  
  60  5:22  SCV  
  60  5:24  Viking  
  60  5:26  SCV  
  64  5:28  Starport  
  64  5:34  SCV  
  62  5:38  SCV  
  60  5:49  Cyclone  
  63  5:50  Mag-Field Accelerator  
  63  5:54  Viking  
  64  6:10  Marine x3  
  67  6:24  Viking  
  62  6:28  Marine  
  62  6:30  Marine  
  47  6:49  Cyclone  
  26  7:11  SCV x2  
  28  7:21  Cyclone  
  31  7:23  SCV x2  
  33  7:33  Medivac x2  
  33  7:35  SCV x2, Command Center  
  39  7:47  SCV  
  39  7:48  SCV  
  39  7:49  Command Center  
  41  7:53  Cyclone  
  44  7:59  SCV  
  44  8:00  SCV  
  46  8:09  Viking  
  46  8:11  SCV  
  46  8:12  SCV  
  50  8:23  SCV  
  50  8:24  SCV  
  52  8:35  SCV  
  52  8:36  SCV  
  54  8:45  Supply Depot  
  54  8:46  Supply Depot  
  54  8:47  Cyclone  
  54  8:48  SCV x2, Supply Depot  
  59  8:52  SCV  
  60  9:00  SCV x2  
  60  9:01  SCV  
  63  9:04  SCV  
  63  9:09  Supply Depot  
  64  9:12  SCV x2  
  64  9:13  SCV  
  64  9:16  SCV  
  68  9:21  Liberator  
  72  9:24  SCV x2  
  72  9:25  SCV  
  72  9:28  SCV  
  75  9:36  SCV x2  
  75  9:37  SCV  
  78  9:40  SCV  
  78  9:45  Starport Reactor  
  79  9:48  SCV x2  
  79  9:49  Siege Tank, SCV  
  85  9:53  SCV, Marine x3  
  89  10:00  SCV  
  89  10:01  SCV x2, Refinery x2  
  89  10:05  SCV  
  93  10:11  Marine  
  93  10:12  SCV  
  93  10:13  SCV x2  
  93  10:14  Starport Reactor  
  97  10:17  SCV  
  101  10:21  Siege Tank  
  101  10:24  SCV  
  102  10:28  SCV  
  102  10:29  SCV x2  
  105  10:36  SCV  
  105  10:40  SCV  
  105  10:41  SCV x2, Supply Depot  
  109  10:43  Supply Depot  
  109  10:44  Supply Depot  
  109  10:47  Supply Depot  
  109  10:48  SCV  
  110  10:52  SCV  
  110  10:53  SCV x2  
  110  10:57  Liberator  
  113  11:02  Liberator x2  
  113  11:03  SCV  
  123  11:04  Liberator  
  123  11:05  SCV x3, Barracks Tech Lab  
  123  11:09  Marine x2  
  131  11:15  SCV  
  131  11:17  SCV x3  
  135  11:20  Refinery  
  135  11:22  Refinery  
  135  11:26  Marine x2  
  135  11:27  SCV  
  135  11:29  SCV x3  
  135  11:31  Engineering Bay  
  141  11:34  Engineering Bay  
  141  11:39  SCV, Liberator  
  142  11:41  SCV x3  
  148  11:51  Supply Depot  
  148  11:52  Supply Depot  
  148  11:53  Supply Depot  
  148  11:56  Supply Depot  
  148  12:00  Supply Depot  
  148  12:04  Supply Depot  
  148  12:11  Supply Depot  
  148  12:12  Marine, SCV x2  
  151  12:18  Liberator x3  
  151  12:22  Liberator  
  163  12:25  Supply Depot  
  163  12:26  Supply Depot  
  163  12:32  Terran Infantry Armor Level 1, Terran Infantry Weapons Level 1  
  163  12:33  Supply Depot  
  163  12:43  Armory x2  
  163  12:46  Armory  
  163  12:50  Supply Depot  
  163  12:56  Siege Tank  
  166  12:58  Marine  
  166  12:59  Supply Depot, Marine x2  
  166  13:00  Command Center, Combat Shield  
  166  13:01  Liberator x3  
  166  13:05  Liberator  
  181  13:16  Infernal Pre-Igniter, Marine x2  
  183  13:22  Supply Depot  
  183  13:28  Siege Tank  
  186  13:39  Terran Vehicle Weapons Level 1, Terran Ship Weapons Level 1, Terran Vehicle And Ship Armor Level 1  
  186  13:40  Supply Depot  
  186  13:43  Liberator  
  186  13:44  Liberator x2  
  195  14:00  Siege Tank  
  198  14:04  Supply Depot  
  198  14:05  Supply Depot  
  198  14:19  Stimpack  
  195  14:26  Hi-Sec Auto Tracking, Neosteel Armor  
  195  14:27  Supply Depot  
  187  14:56  Orbital Command x3  
  187  14:57  Orbital Command  
  124  15:33  Siege Tank  
  120  15:42  Liberator  
  123  15:43  Liberator x3  
  132  15:57  Marine  
  132  15:58  Marine x2  
  132  15:59  Concussive Shells  
  132  16:03  Terran Infantry Weapons Level 2  
  135  16:05  Siege Tank  
  135  16:06  Terran Infantry Armor Level 2  
  138  16:15  Marine  
  138  16:16  Marine x2  
  141  16:25  Liberator  
  144  16:26  Liberator x3  
  153  16:33  Marine x3  
  153  16:37  Siege Tank  
  159  16:51  Marine x3  
  162  16:56  Terran Vehicle Weapons Level 2, Terran Ship Weapons Level 2  
  162  16:57  Terran Vehicle And Ship Armor Level 2  
  162  17:08  Liberator x4  
  165  17:09  Siege Tank  
  165  17:10  Factory  
  165  17:12  Factory  
  165  17:13  Factory  
  165  17:15  Factory  
  171  17:41  Siege Tank  
  166  17:51  Liberator x4  
  91  18:14  Siege Tank  
Show
View Real Time Build Order
Export as new Build Order

INVENCIBLE Zerg 

Build Orders: Pool First 

Get SALT Encoding   

  12  0:11  Drone  
  12  0:12  Drone  
  14  0:23  Overlord  
  14  0:38  Spawning Pool  
  14  0:39  Extractor, Drone  
  13  0:46  Drone  
  13  0:49  Drone  
  15  0:56  Drone  
  16  1:05  Drone  
  18  1:18  Drone  
  18  1:27  Queen  
  18  1:29  Drone  
  21  1:38  Drone  
  22  1:41  Metabolic Boost  
  22  1:53  Overlord  
  22  2:05  Hatchery  
  21  2:14  Zergling x4  
  23  2:22  Zergling x2  
  24  2:33  Lair  
  24  2:38  Zergling x2  
  24  2:40  Zergling x6  
  28  2:47  Zergling x2  
  29  2:57  Extractor  
  29  2:58  Drone  
  29  3:13  Drone  
  30  3:22  Drone x2  
  30  3:23  Queen  
  30  3:55  Drone x6  
  31  3:59  Spire  
  31  4:01  Drone  
  31  4:02  Drone x2  
  34  4:11  Extractor  
  34  4:12  Extractor  
  32  4:20  Drone x3  
  35  4:33  Drone  
  35  4:34  Overlord x2  
  36  4:48  Overlord x2  
  36  4:54  Drone x5  
  41  5:01  Drone  
  41  5:02  Drone x3  
  45  5:11  Mutalisk x2  
  49  5:19  Mutalisk x2  
  50  5:24  Spore Crawler  
  48  5:30  Mutalisk  
  50  5:44  Spore Crawler  
  47  5:54  Spore Crawler  
  47  5:57  Spore Crawler  
  47  6:02  Mutalisk  
  47  6:03  Mutalisk x3  
  52  6:12  Mutalisk x2  
  54  6:19  Spore Crawler  
  49  6:26  Mutalisk  
  49  6:28  Spore Crawler  
  49  6:31  Mutalisk  
  52  6:35  Drone x2  
  54  6:42  Drone x3  
  57  6:51  Zerg Flyer Weapons Level 1  
  57  6:53  Mutalisk  
  55  7:09  Mutalisk x2  
  55  7:10  Drone x2  
  55  7:11  Drone x4  
  65  7:26  Zergling x6  
  65  7:28  Pneumatized Carapace  
  68  7:32  Hatchery  
  68  7:36  Zergling x2  
  68  7:37  Overlord  
  66  7:56  Mutalisk x4  
  67  8:06  Mutalisk  
  67  8:07  Zergling x6  
  67  8:08  Zergling x2  
  73  8:17  Drone x2  
  74  8:23  Drone  
  74  8:25  Overlord  
  75  8:30  Extractor  
  75  8:33  Mutalisk, Extractor  
  75  8:35  Overlord  
  75  8:43  Queen  
  75  8:44  Mutalisk x3  
  75  8:46  Drone  
  84  8:49  Zerg Flyer Armor Level 1  
  84  8:57  Hatchery  
  83  9:11  Mutalisk x2  
  83  9:13  Drone x2  
  83  9:14  Drone x5  
  94  9:31  Drone  
  94  9:32  Drone x2  
  94  9:33  Overlord x2  
  97  9:48  Overlord x2  
  97  9:51  Queen  
  99  9:57  Mutalisk  
  99  9:58  Mutalisk x4  
  109  10:04  Hatchery  
  104  10:15  Mutalisk x3  
  104  10:17  Drone x4  
  110  10:35  Mutalisk x4  
  106  10:39  Drone x4  
  106  10:40  Drone x4  
  120  10:43  Queen  
  122  10:54  Mutalisk x3  
  128  11:08  Infestation Pit  
  128  11:10  Zerg Flyer Weapons Level 2  
  128  11:11  Drone x4  
  128  11:12  Drone x4  
  128  11:13  Overlord  
  128  11:14  Overlord  
  135  11:22  Extractor  
  135  11:23  Extractor  
  133  11:32  Drone x5  
  138  11:33  Drone x2, Mutalisk x2  
  138  11:34  Mutalisk  
  138  11:38  Extractor x2  
  138  11:39  Mutalisk  
  144  11:41  Drone x5  
  144  11:43  Overlord  
  151  11:48  Hive  
  151  11:55  Mutalisk  
  151  11:56  Mutalisk  
  155  12:02  Spore Crawler  
  155  12:04  Spore Crawler  
  155  12:07  Spore Crawler  
  155  12:08  Spore Crawler, Drone x3, Mutalisk x2  
  158  12:22  Mutalisk x3  
  158  12:24  Drone  
  158  12:25  Overlord x3  
  165  12:52  Mutalisk x7  
  165  12:54  Hatchery  
  165  12:55  Unknown  
  177  13:18  Mutalisk x6  
  177  13:19  Mutalisk  
  189  13:22  Overlord x4  
  189  13:46  Adrenal Glands, Mutalisk x3  
  187  13:52  Mutalisk x2  
  187  13:53  Overlord  
  179  13:58  Overlord x3  
  154  14:15  Mutalisk x2  
  154  14:16  Mutalisk x4  
  125  14:36  Mutalisk x4  
  105  14:39  Zergling x22  
  105  14:40  Zergling x4  
  105  14:44  Drone x2  
  105  14:45  Drone  
  121  14:47  Drone  
  121  14:48  Drone x2  
  124  14:57  Mutalisk x4  
  91  15:29  Greater Spire, Corruptor x5  
  91  15:30  Corruptor x3  
  107  16:04  Hatchery  
  106  16:17  Hatchery  
  105  16:21  Corruptor x4  
  105  16:22  Corruptor x4  
  119  16:32  Zergling x2  
  119  16:33  Zergling x12  
  113  17:01  Brood Lord x3  
  108  17:12  Brood Lord  
  86  17:32  Nydus Network  
  85  17:44  Drone  
  86  17:53  Brood Lord x6  
  86  17:54  Brood Lord  
  86  17:56  Zergling x4  
  99  18:20  Corruptor x2  
  29  18:43  Corruptor x2  
  29  18:45  Zergling x10  
  29  18:46  Zergling x6  
  39  18:55  Nydus Canal  
Tags
 
Add a new tag
Caveats
  • Supply blocks, unpowered buildings, or Contaminate may cause inaccurate times.
  • Supply counts are checked every 10 seconds.